[Event "Late-Titled-Tuesday-Blitz-April-16-2024"]
[Site "Chess.com"]
[Date "2024.04.16"]
[Round "8"]
[White "Giantgoogachess"]
[Black "IsaqueGoncalvesSanto"]
[Result "1-0"]
[WhiteElo "2294"]
[BlackElo "1889"]
[TimeControl "180+1"]
[EndTime "15:23:27 PDT"]
[Termination "Giantgoogachess won by resignation"]

1. d4 e6 2. Bf4 d5 3. e3 Nf6 4. Nf3 c5 5. c3 Qb6 6. Qb3 c4 7.
Qc2 Bd7 8. Nbd2 Nc6 9. h3 a5 10. Be2 a4 11. O-O a3 12. b3 cxb3 13. axb3 Na5 14. b4 Nc6 15. e4 dxe4 16. Nxe4 Nd5 17. Bg3 Rc8 18. Nc5 Ncxb4 19. cxb4 Qxb4 20. Rfb1 Qa5 21. Rxb7 Bxc5 22. dxc5 Rxc5 23. Qd2 Qxd2 24. Nxd2 Bc8 25. Rb8 O-O 26. Bd6 Rc2 27. Bxf8 Kxf8 28. Ne4 Ke7 29. Bd3 1-0

[Event "Late-Titled-Tuesday-Blitz-April-16-2024"]
[Site "Chess.com"]
[Date "2024.04.16"]
[Round "8"]
[White "Allion2017"]
[Black "SmirnovTimofey2000"]
[Result "1-0"]
[WhiteElo "2263"]
[BlackElo "1985"]
[TimeControl "180+1"]
[EndTime "15:23:31 PDT"]
[Termination "Allion2017 won on time"]

1. d4 d5 2. e4 dxe4 3. Nc3 Nf6 4. Bg5 Bf5 5. Qe2 e6 6. O-O-O Be7 7.
f3 exf3 8. Nxf3 O-O 9. h3 h6 10. Bd2 c6 11. g4 Bh7 12. g5 Nd5 13. gxh6 Bf6 14. Rg1 Bg6 15. Ne4 gxh6 16. Nxf6+ Qxf6 17. Ne5 Nf4 18. Qg4 Qf5 19. Qxf5 exf5 20. Bxf4 Kh7 21.
Bc4 1-0

[Event "Late-Titled-Tuesday-Blitz-April-16-2024"]
[Site "Chess.com"]
[Date "2024.04.16"]
[Round "8"]
[White "dennisodessa"]
[Black "Rutricks"]
[Result "1-0"]
[WhiteElo "2557"]
[BlackElo "2666"]
[TimeControl "180+1"]
[EndTime "15:23:35 PDT"]
[Termination "dennisodessa won by resignation"]

1. d4 g6 2. c4 Bg7 3. Nc3 d6 4. e4 Nd7 5. Be3 e5 6. d5 a5 7.
Bd3 h5 8. f3 Nc5 9. Bc2 Bh6 10.
Bxh6 Nxh6 11. Nge2 Qg5 12. O-O h4 13. Qc1 Qe7 14.
b3 Bd7 15. a3 f5 16. b4 Na6 17. f4 h3 18. g3 Ng4 19. fxe5 Qxe5 20. Qg5 Rh6 21.
Rf4 Qh8 22. exf5 gxf5 23. Bxf5 Bxf5 24. Rxf5 Ne5 25. Raf1 Kd7 26. Rxe5 dxe5 27. Rf7+ Kc8 28. Qf5+ Kb8 29. Rf8+ Ka7 30. Rxh8 Raxh8 31. Qxe5 axb4 32. axb4 Rf8 33. Qe3+ Kb8 34. Qxh6 1-0

[Event "Late-Titled-Tuesday-Blitz-April-16-2024"]
[Site "Chess.com"]
[Date "2024.04.16"]
[Round "8"]
[White "Anton_Demchenko"]
[Black "lamomiajunior"]
[Result "1-0"]
[WhiteElo "2963"]
[BlackElo "2732"]
[TimeControl "180+1"]
[EndTime "15:23:36 PDT"]
[Termination "Anton_Demchenko won by checkmate"]

1. e4 c5 2. Nc3 d6 3. Bb5+ Bd7 4. a4 Nc6 5. f4 g6 6. Nf3 Bg7 7. d3 e6 8. Bxc6 Bxc6 9. O-O Ne7 10. Qe1 Qd7 11. Be3 b6 12. Qh4 O-O-O 13. a5 b5 14. Qf2 a6 15. Rab1 h6 16. Ne2 f5 17. Ng3 Rdf8 18. b4 cxb4 19. Rxb4 g5 20. Nh5 Bc3 21. Rb3 b4 22. Bd4 fxe4 23. dxe4 Rhg8 24. Bxc3 bxc3 25. Rfb1 Bb5 26. Rxc3+ Kd8 27. Qb6+ Ke8 28. Rc7 Qd8 29. Rxb5 axb5 30. Nd4 Rf7 31. Qxb5+ Kf8 32. Nxe6# 1-0

[Event "Late-Titled-Tuesday-Blitz-April-16-2024"]
[Site "Chess.com"]
[Date "2024.04.16"]
[Round "8"]
[White "FairChess_on_YouTube"]
[Black "TanitoluwaAps116"]
[Result "1-0"]
[WhiteElo "3081"]
[BlackElo "2791"]
[TimeControl "180+1"]
[EndTime "15:23:45 PDT"]
[Termination "FairChess_on_YouTube won by resignation"]

1. e4 c5 2. Nc3 Nc6 3. Nge2 Nf6 4. d4 cxd4 5. Nxd4 e6 6. a3 d5 7. exd5 Nxd5 8. Nxd5 Qxd5 9. Nb5 Qxd1+ 10. Kxd1 Kd8 11. Be3 Bd7 12. Kc1 a6 13. Bb6+ Kc8 14. Nc3 Bd6 15. g3 Bc7 16. Be3 Ne5 17. Bg2 Bc6 18. Bxc6 Nxc6 19. Rd1 Rd8 20. Ne4 Rxd1+ 21. Kxd1 Kd7 22.
Ke2 Rd8 23. Rd1+ Ke7 24. Bc5+ Ke8 25. Bd6 Bxd6 26. Nxd6+ Ke7 27. Nxb7 Rb8 28. Rd6 Rc8 29. c4 Na5 30. Rxa6 Nxc4 31. b4 Rd8 32. Nxd8 1-0

[Event "Late-Titled-Tuesday-Blitz-April-16-2024"]
[Site "Chess.com"]
[Date "2024.04.16"]
[Round "8"]
[White "Bala-Afiada"]
[Black "DraningWaterHi"]
[Result "0-1"]
[WhiteElo "2018"]
[BlackElo "2195"]
[TimeControl "180+1"]
[EndTime "15:23:45 PDT"]
[Termination "DraningWaterHi won on time"]

1. d4 Nf6 2. c4 g6 3. Nc3 Bg7 4. e4 d6 5. Nf3 O-O 6. Be2 e5 7. Be3 Ng4 8. Bg5 f6 9. Bh4 Nc6 10. h3 Nh6 11. d5 Ne7 12. g4 Nf7 13. Rg1 c5 14. Qc2 Kh8 15. Bg3 f5 16. gxf5 gxf5 17. Bh4 f4 18. Ng5 Nxg5 19. Bxg5 Bf6 20. O-O-O Bxg5 21. Rxg5 Ng6 22. Rdg1 f3 23. Bd3 Bxh3 24. R1g3 Bg2 25.
Qd1 Nf4 26. Bf1 Nh3 27. Bxg2 Nxg5 28. Bxf3 Nxf3 29. Rxf3 Qg5+ 30. Kb1 Rf4 31. Rg3 Qh6 32. Qg1 Rff8 33. Nb5 Rg8 34. Nc7 Rxg3 35. Qxg3 Rg8 36. Qf3 Qf4 37. Qh3 Qxf2 0-1

[Event "Late-Titled-Tuesday-Blitz-April-16-2024"]
[Site "Chess.com"]
[Date "2024.04.16"]
[Round "8"]
[White "Ykow"]
[Black "Karttunen"]
[Result "1-0"]
[WhiteElo "2564"]
[BlackElo "2679"]
[TimeControl "180+1"]
[EndTime "15:23:48 PDT"]
[Termination "Ykow won on time"]

1. e4 c5 2. Nf3 d6 3. Nc3 a6 4.
d4 cxd4 5. Nxd4 Nf6 6. f3 e5 7. Nb3 Be6 8. Be3 Nbd7 9. g4 b5 10. g5 Nh5 11. Qd2 Nb6 12. O-O-O Rc8 13. Kb1 Nc4 14.
Bxc4 bxc4 15. Nc1 Be7 16. N1e2 O-O 17. h4 f5 18. gxf6 Rxf6 19. f4 Bg4 20. f5 Rf7 21. Rhg1 Bxe2 22. Qxe2 Nf6 23. h5 d5 24. Nxd5 Nxd5 25.
Rxd5 Qc7 26. h6 c3 27. b3 Bf8 28. Qh2 Re8 29. Rdd1 a5 30. hxg7 Rxg7 31. f6 Rg6 32. Rxg6+ hxg6 33. Rh1 Bg7 34. Qh7+ 1-0

[Event "Late-Titled-Tuesday-Blitz-April-16-2024"]
[Site "Chess.com"]
[Date "2024.04.16"]
[Round "8"]
[White "Gabrielian_Artur"]
[Black "Brown_Mamba24"]
[Result "1-0"]
[WhiteElo "2797"]
[BlackElo "2646"]
[TimeControl "180+1"]
[EndTime "15:23:51 PDT"]
[Termination "Gabrielian_Artur won by resignation"]

1. e4 c5 2. Nf3 Nc6 3. Bb5 Nf6 4. Nc3 Qc7 5. O-O Nd4 6. Re1 a6 7. Bf1 d6 8. Nxd4 cxd4 9. Nd5 Qc5 10. b4 Qc6 11. b5 Qc5 12. bxa6 Nxd5 13. exd5 Qxd5 14.
c4 dxc3 15. Qc2 bxa6 16. Qxc3 Bb7 17. Rb1 Rc8 18. Qa3 e6 19. Bb2 Be7 20. Qa4+ Bc6 21.
Qg4 Bf6 22. Bxf6 gxf6 23. Bxa6 h5 24. Qg7 Rh6 25. Bxc8 Rg6 26. Rxe6+ Qxe6 27. Qh8+ Ke7 28. Bxe6 Bxg2 29. Bf5 Rg5 30. h4 1-0

[Event "Late-Titled-Tuesday-Blitz-April-16-2024"]
[Site "Chess.com"]
[Date "2024.04.16"]
[Round "8"]
[White "teresin05"]
[Black "katharinareinecke"]
[Result "1-0"]
[WhiteElo "2319"]
[BlackElo "2019"]
[TimeControl "180+1"]
[EndTime "15:23:52 PDT"]
[Termination "teresin05 won by checkmate"]

1. e4 c6 2. d4 d5 3. Nc3 dxe4 4. Nxe4 Bf5 5. Ng3 Bg6 6. h4 h6 7. Nf3 Nd7 8. Bd3 Bxd3 9. Qxd3 e6 10. Bd2 Ngf6 11. O-O-O Be7 12. Kb1 O-O 13. Ne4 Nxe4 14.
Qxe4 Nf6 15. Qe2 Qc7 16. Rhg1 c5 17. g4 cxd4 18. Nxd4 Nd5 19. g5 hxg5 20. hxg5 Rfc8 21. Rc1 Nb4 22. Nxe6 fxe6 23. Qxe6+ Kf8 24. g6 Bd6 25. Rh1 Nd3 26. Rh8# 1-0

[Event "Late-Titled-Tuesday-Blitz-April-16-2024"]
[Site "Chess.com"]
[Date "2024.04.16"]
[Round "8"]
[White "CarlosjPineror"]
[Black "Kostukov_Alex"]
[Result "1-0"]
[WhiteElo "2699"]
[BlackElo "2340"]
[TimeControl "180+1"]
[EndTime "15:23:57 PDT"]
[Termination "CarlosjPineror won by resignation"]

1. e4 c5 2. Nf3 g6 3. d4 cxd4 4. Nxd4 Bg7 5. Be3 Nf6 6. Nc3 Nc6 7. Bc4 Qa5 8. O-O Qb4 9. Bb3 Nxe4 10. Nxc6 bxc6 11.
a3 Nxc3 12. Qf3 Qxb3 13. cxb3 Nd5 14. Rad1 O-O 15. Bd4 f6 16. b4 e6 17. Rc1 a5 18.
bxa5 Rxa5 19. Rfe1 e5 20. Bc5 Re8 21. b4 Ra8 22. h3 Kh8 23. Qb3 Ba6 24. a4 Nf4 25. b5 cxb5 26. axb5 Bb7 27. Be3 Nxg2 28. Red1 Bf3 29.
Rxd7 Rg8 30. b6 Nxe3 31. Qxe3 e4 32. b7 Rab8 33. Rcc7 Rbe8 34. Qc5 h5 35. Rc8 1-0

[Event "Late-Titled-Tuesday-Blitz-April-16-2024"]
[Site "Chess.com"]
[Date "2024.04.16"]
[Round "8"]
[White "HajiyevKanan"]
[Black "ArchibaldCerveza29"]
[Result "0-1"]
[WhiteElo "2592"]
[BlackElo "2391"]
[TimeControl "180+1"]
[EndTime "15:24:00 PDT"]
[Termination "ArchibaldCerveza29 won by resignation"]

1. d4 d5 2. Nf3 Nf6 3. c4 e6 4. cxd5 exd5 5. Nc3 c6 6. Bg5 h6 7. Bh4 Bd6 8. Qc2 O-O 9. e3 Re8 10. Bd3 a5 11. O-O Bg4 12. Nd2 Nbd7 13. f3 Bh5 14. Rae1 Nf8 15. e4 dxe4 16. fxe4 Be7 17. Bf2 Ng4 18. Nf3 Nxf2 19. Qxf2 Bxf3 20. gxf3 Bh4 21.
Qe3 Bxe1 22. Rxe1 Qg5+ 23. Qxg5 hxg5 24. d5 Ng6 25. Kf2 Ne5 26. Be2 Kf8 27. Rg1 f6 28. Rh1 Ng6 29. a4 Nf4 30. Bc4 Rac8 31. h4 cxd5 32.
Bxd5 Nxd5 33. Nxd5 Rc2+ 34. Kg3 gxh4+ 35. Rxh4 Kg8 36. Rg4 Kf7 37. b4 axb4 38. Nxb4 Rc4 39. Nd5 Rxa4 40. Ne3 g6 41. Rh4 Kg7 42. Ng4 b5 43. Rh2 f5 44. exf5 gxf5 45. Nf2 Re2 46. Rh1 f4+ 47. Kg2 Raa2 48. Rf1 b4 49. Kg1 Rxf2 0-1

[Event "Late-Titled-Tuesday-Blitz-April-16-2024"]
[Site "Chess.com"]
[Date "2024.04.16"]
[Round "8"]
[White "PNEPaul"]
[Black "cristiano78"]
[Result "0-1"]
[WhiteElo "1865"]
[BlackElo "2270"]
[TimeControl "180+1"]
[EndTime "15:24:04 PDT"]
[Termination "cristiano78 won on time"]

1. e4 c5 2. d4 cxd4 3. c3 dxc3 4. Nxc3 Nc6 5. Nf3 e6 6. Bf4 a6 7. Bd3 b5 8. a3 Nge7 9. Qe2 Ng6 10. Bg3 Be7 11. Rd1 O-O 12. e5 f5 13. exf6 Bxf6 14. h4 Qa5 15. h5 Bxc3+ 16. bxc3 Qxc3+ 17. Kf1 Nf4 18. Bxf4 Rxf4 19. Rh3 Qf6 20. Kg1 Bb7 21. Rg3 Rf8 22. Rd2 Kh8 23. Ng5 Qa1+ 24. Kh2 Rh4+ 25.
Nh3 Ne5 26. Rd1 Qxa3 27. Bb1 Qc5 28. Qb2 Rxf2 29. Rc1 Qe3 30. Qc3 Qxc3 31. Rcxc3 Ng4+ 32. Kg1 Rd2 0-1

[Event "Late-Titled-Tuesday-Blitz-April-16-2024"]
[Site "Chess.com"]
[Date "2024.04.16"]
[Round "8"]
[White "grzechu96"]
[Black "Polish_fighter3000"]
[Result "1-0"]
[WhiteElo "2784"]
[BlackElo "3092"]
[TimeControl "180+1"]
[EndTime "15:24:06 PDT"]
[Termination "grzechu96 won on time"]

1. e4 c5 2. Nf3 a6 3. g3 d6 4. Bg2 Nf6 5. d4 Nxe4 6. O-O e6 7. Re1 Nf6 8. dxc5 dxc5 9. Qxd8+ Kxd8 10. Ne5 Ke8 11. a4 Nfd7 12. Nc4 Nc6 13. Bf4 Be7 14. Nbd2 g5 15. Bc7 Nd4 16. Rac1 Ra7 17. c3 b5 18.
Bb6 Nxb6 19. Nxb6 Bb7 20. cxd4 c4 21. Ne4 Kf8 22. Nc5 1-0

[Event "Late-Titled-Tuesday-Blitz-April-16-2024"]
[Site "Chess.com"]
[Date "2024.04.16"]
[Round "8"]
[White "Rawnsdale"]
[Black "Respectful_Dave"]
[Result "1-0"]
[WhiteElo "2496"]
[BlackElo "2359"]
[TimeControl "180+1"]
[EndTime "15:24:09 PDT"]
[Termination "Rawnsdale won by checkmate"]

1. e4 c5 2. Nf3 d6 3. d4 cxd4 4. Nxd4 Nf6 5. Nc3 a6 6. Rg1 h5 7. Bg5 e5 8. Nb3 Be7 9. Qd2 Be6 10. O-O-O Nbd7 11. Kb1 b5 12. Bd3 Rc8 13. f4 Bxb3 14.
axb3 b4 15. Na4 a5 16. fxe5 dxe5 17. Bxf6 Nxf6 18. Bb5+ Kf8 19. Qe2 Qc7 20. h3 Rh6 21. g4 hxg4 22. hxg4 Nh7 23. Rh1 Bg5 24. Bc4 Kg8 25. Qf3 Rf6 26. Qh3 Bh6 27. Rdf1 Ng5 28. Qg2 Rxf1+ 29. Rxf1 Rd8 30. Bd3 Rd6 31. Qg1 Qd8 32.
Qc5 Rxd3 33. Ka2 Rd1 34. Rf5 f6 35. Nb6 Ne6 36. Qc4 Qxb6 37. g5 Bxg5 38. Rf3 Kh7 39.
Rh3+ Kg6 40. Qe2 Qg1 41. Qh5# 1-0

[Event "Late-Titled-Tuesday-Blitz-April-16-2024"]
[Site "Chess.com"]
[Date "2024.04.16"]
[Round "8"]
[White "emeli_chess"]
[Black "DeArron_Fox"]
[Result "1-0"]
[WhiteElo "2473"]
[BlackElo "2564"]
[TimeControl "180+1"]
[EndTime "15:24:10 PDT"]
[Termination "emeli_chess won by checkmate"]

1. d4 d5 2. c4 e6 3. Nc3 Nf6 4. cxd5 exd5 5. Bg5 Be7 6. e3 c6 7. Bd3 Nbd7 8. Nf3 Nh5 9. Bxe7 Qxe7 10. O-O O-O 11. Qc2 g6 12. Rae1 Ndf6 13. Ne5 Ng7 14.
f3 c5 15. Qf2 Re8 16. a3 a6 17. g4 Ne6 18. f4 Qd6 19. g5 Nh5 20. Qf3 cxd4 21.
Nxd5 dxe3 22. Rxe3 Bd7 23. Ng4 Bc6 24. Ndf6+ Nxf6 25. Nxf6+ Kh8 26. Qh3 Qd4 27. Qxh7# 1-0

[Event "Late-Titled-Tuesday-Blitz-April-16-2024"]
[Site "Chess.com"]
[Date "2024.04.16"]
[Round "8"]
[White "SergioMoralesG"]
[Black "vova-79"]
[Result "0-1"]
[WhiteElo "2432"]
[BlackElo "2540"]
[TimeControl "180+1"]
[EndTime "15:24:10 PDT"]
[Termination "vova-79 won on time"]

1. d4 d5 2. c4 c6 3. Nf3 Nf6 4. Nc3 e6 5. Bg5 dxc4 6. e4 b5 7. e5 h6 8. Bh4 g5 9. Bg3 Nd5 10. Nd2 Bb7 11. Be2 Qb6 12. Nde4 Nd7 13. O-O c5 14. dxc5 Bxc5 15. a4 Nxc3 16. Nxc3 a6 17. axb5 axb5 18. Rxa8+ Bxa8 19. b3 cxb3 20. Bxb5 Bc6 21.
Bxc6 Qxc6 22. Qxb3 O-O 23. Re1 Rb8 24. Qd1 Bb4 25.
h4 Bxc3 26. Re3 Bb4 27. hxg5 hxg5 0-1

[Event "Late-Titled-Tuesday-Blitz-April-16-2024"]
[Site "Chess.com"]
[Date "2024.04.16"]
[Round "8"]
[White "N_I_Chess"]
[Black "martinmena"]
[Result "1-0"]
[WhiteElo "2383"]
[BlackElo "2182"]
[TimeControl "180+1"]
[EndTime "15:24:12 PDT"]
[Termination "N_I_Chess won on time"]

1. d4 d5 2. c4 e6 3. Nc3 Nf6 4.
cxd5 exd5 5. Bg5 Be7 6. Qc2 g6 7. e3 Bf5 8. Qb3 Nbd7 9. Bh6 c6 10. h3 Qb6 11. Qxb6 axb6 12. g4 Be6 13. Bd3 Rg8 14. Bf4 c5 15. Nf3 c4 16. Bc2 Bb4 17. O-O Bxc3 18. bxc3 Ra3 19. Rfb1 Rxc3 20. Ba4 Ke7 21. Bg5 Kd6 22. Bxf6 Nxf6 23. Rxb6+ Kc7 24. Rab1 Rb8 25. Ne5 Ra3 26. Bd1 Ne4 27. f3 1-0

[Event "Late-Titled-Tuesday-Blitz-April-16-2024"]
[Site "Chess.com"]
[Date "2024.04.16"]
[Round "8"]
[White "prochn"]
[Black "Alexei_Gubajdullin"]
[Result "0-1"]
[WhiteElo "2447"]
[BlackElo "2621"]
[TimeControl "180+1"]
[EndTime "15:24:13 PDT"]
[Termination "Alexei_Gubajdullin won by resignation"]

1. d4 Nf6 2. c4 g6 3. g3 Bg7 4.
Bg2 O-O 5. Nc3 d6 6. Nf3 Nbd7 7. O-O e5 8. e4 c6 9. h3 a5 10. Re1 Re8 11. Be3 a4 12. Rb1 Qa5 13. d5 cxd5 14.
cxd5 b5 15. a3 Nb6 16. Nd2 Nfd7 17. Bf1 Ba6 18. Na2 Nc4 19. Nxc4 bxc4 20. Nb4 Bb5 21. Rc1 Rac8 22. Rc2 Nc5 23. Bxc5 Rxc5 24. Qc1 Rec8 25.
Rc3 h5 26. Qc2 h4 27. gxh4 Bh6 28. Kh1 Qd8 29. h5 gxh5 30. Qe2 Qh4 31. Rd1 Bf4 32.
Qf3 Kh7 33. Be2 Kh6 34. Rg1 Bd7 35. Qg2 Qf6 36. Rf3 c3 37. bxc3 Rxc3 38. Rxf4 exf4 39. Bf3 Qg6 40. Qf1 Rxf3 41. Rxg6+ fxg6 42. Nd3 Bxh3 43. Qd1 Bg4 44. Kg1 Rh3 45. Qd2 Bf3 0-1

[Event "Late-Titled-Tuesday-Blitz-April-16-2024"]
[Site "Chess.com"]
[Date "2024.04.16"]
[Round "8"]
[White "dasatcu90"]
[Black "Godzillator"]
[Result "1-0"]
[WhiteElo "2193"]
[BlackElo "2348"]
[TimeControl "180+1"]
[EndTime "15:24:15 PDT"]
[Termination "dasatcu90 won on time"]

1. d4 d5 2. Nf3 Nf6 3. e3 h6 4. Bd3 c6 5. Nbd2 g5 6. c3 Bg7 7. Qe2 Nbd7 8. e4 dxe4 9. Nxe4 Nxe4 10. Bxe4 Nf6 11. Bc2 Bg4 12. h3 Bxf3 13. Qxf3 Qd5 14.
Qxd5 cxd5 15. O-O O-O 16. f4 gxf4 17. Bxf4 b5 18. Rae1 Rfe8 19. Bd3 a6 20. Re2 Rac8 21. Be5 Nd7 22. Bf4 e5 23. dxe5 Nxe5 24. Bf5 Rc6 25. Rfe1 Nf3+ 26. gxf3 Rxe2 27. Rxe2 Rf6 28. Re8+ Bf8 29.
Be5 Rxf5 30. Bd6 Rg5+ 31. Kf2 Kh7 32. Bxf8 Kg6 33. Rd8 Kh5 34. Rd6 Rf5 35. Rxh6+ Kg5 36. Rxa6 f6 37. Be7 d4 38. cxd4 Rd5 39. Bxf6+ Kf5 40. Be5 1-0

[Event "Late-Titled-Tuesday-Blitz-April-16-2024"]
[Site "Chess.com"]
[Date "2024.04.16"]
[Round "8"]
[White "stollenmonster"]
[Black "Harry_Rakkel"]
[Result "1-0"]
[WhiteElo "2891"]
[BlackElo "2715"]
[TimeControl "180+1"]
[EndTime "15:24:16 PDT"]
[Termination "stollenmonster won on time"]

1. e4 c5 2. Nf3 d6 3. d4 cxd4 4. Nxd4 Nf6 5. Nc3 a6 6. a4 e6 7. g3 b6 8. Bg2 Bb7 9. O-O Qc7 10.
Re1 Be7 11. Nb1 O-O 12. b3 Nfd7 13. c4 Bf6 14. Bb2 Rd8 15. Nd2 Nc5 16. Qc2 Bxd4 17.
Bxd4 Nc6 18. Bc3 e5 19. Nf1 Ne6 20. Ne3 Ncd4 21. Qb2 b5 22. cxb5 axb5 23. a5 Rdc8 24. Rac1 Qc5 25. b4 Qa7 26. Nf5 Nxf5 27. exf5 Bxg2 28. Kxg2 Qb7+ 29. f3 Ng5 30. Qe2 e4 31. fxe4 Rc4 32. Qg4 f6 33. Bxf6 Rxe4 34. Rxe4 gxf6 35.
Re1 Kf8 36. h4 Nxe4 37. Qxe4 Qxe4+ 38. Rxe4 Rc8 39. Re6 1-0

[Event "Late-Titled-Tuesday-Blitz-April-16-2024"]
[Site "Chess.com"]
[Date "2024.04.16"]
[Round "8"]
[White "Veleamater"]
[Black "AlphaGoosee"]
[Result "0-1"]
[WhiteElo "2424"]
[BlackElo "2578"]
[TimeControl "180+1"]
[EndTime "15:24:16 PDT"]
[Termination "AlphaGoosee won by resignation"]

1. g3 d5 2. Bg2 Nf6 3. d3 c6 4.
Nf3 Bg4 5. O-O Nbd7 6. h3 Bh5 7. Nc3 e5 8. e4 Bd6 9. g4 Bg6 10. Nh4 d4 11. Ne2 O-O 12. Nf5 Bc5 13. Kh1 Re8 14. f4 exf4 15. Bxf4 Ne5 16. Neg3 Bb6 17. Bf3 Qd7 18. h4 Bxf5 19. Nxf5 g6 20. Nh6+ Kg7 21.
g5 Qh3+ 22. Kg1 Nfd7 23. Bg4 Qxh4 24. Bxd7 Nxd7 25. Qg4 Qxg4+ 26. Nxg4 Bd8 27. e5 Nf8 28. Nf6 Bxf6 29. gxf6+ Kg8 30. c3 Rad8 31. Rf3 Ne6 32. Bh6 Nc5 33. Re1 dxc3 34. bxc3 Rxd3 35. Rxd3 Nxd3 36.
Re3 Nc5 37. c4 Nd7 38. Rd3 Nxe5 39. Re3 Re6 40. Bf4 Ng4 41. Rd3 Nxf6 42. Bh6 Re8 43.
a4 Ng4 44. Bf4 Ne5 45. Re3 f6 46. Rb3 Re7 47. c5 g5 48. Bg3 h5 49. a5 h4 50. Bxe5 fxe5 51. Kg2 e4 52. Kf2 e3+ 53. Ke2 h3 54. Rb1 g4 55. Rg1 Re4 56. Rb1 h2 57. a6 bxa6 0-1

[Event "Late-Titled-Tuesday-Blitz-April-16-2024"]
[Site "Chess.com"]
[Date "2024.04.16"]
[Round "8"]
[White "marcodobrikov"]
[Black "amanmuhammethommadov"]
[Result "1-0"]
[WhiteElo "2620"]
[BlackElo "2799"]
[TimeControl "180+1"]
[EndTime "15:24:18 PDT"]
[Termination "marcodobrikov won by checkmate"]

1. d3 Nf6 2. e4 d6 3. Nf3 c5 4.
Be2 Nc6 5. O-O g6 6. c3 Bg7 7.
a3 O-O 8. Qc2 b5 9. Nbd2 a5 10.
a4 b4 11. Nc4 Nd7 12. Bg5 Qc7 13. Rad1 Ba6 14. Rfe1 Nb6 15. Ne3 e6 16. Bf1 Nd7 17.
d4 Bxf1 18. Rxf1 bxc3 19. bxc3 cxd4 20. cxd4 Rfc8 21. Rc1 Qa7 22. d5 exd5 23. Nxd5 h6 24. Be3 Qa6 25. Rfd1 Kh7 26. Qa2 Nde5 27. Nxe5 Nxe5 28.
Nc7 Rxc7 29. Rxc7 Rb8 30. Bd4 h5 31. Bxe5 Bxe5 32. Qxf7+ Kh6 33. Qh7+ Kg5 34. g3 Qe2 35.
f4+ Kg4 36. Qxg6+ Kh3 37. Qf5+ Qg4 38. Qxg4+ hxg4 39. fxe5 dxe5 40. Rf1 Rf8 41. Rf6 Rxf6 42. Rh7+ Rh6 43. Rxh6# 1-0

[Event "Late-Titled-Tuesday-Blitz-April-16-2024"]
[Site "Chess.com"]
[Date "2024.04.16"]
[Round "8"]
[White "GM_dmitrij"]
[Black "Durarbayli"]
[Result "0-1"]
[WhiteElo "2983"]
[BlackElo "2894"]
[TimeControl "180+1"]
[EndTime "15:24:19 PDT"]
[Termination "Durarbayli won by resignation"]

1. e4 e6 2. d4 d5 3. e5 c5 4. c3 Nc6 5. Nf3 Bd7 6. a3 f6 7. exf6 Qxf6 8. Be2 cxd4 9. cxd4 Bd6 10. Nc3 Nge7 11. O-O h6 12. Be3 Nf5 13. Qd3 g5 14. Rad1 g4 15. Ne1 h5 16. Nc2 Qh4 17. g3 Qh3 18.
Rfe1 Nh4 19. Qg6+ Nxg6 20. Bf1 Nh4 21. Bxh3 Nf3+ 22. Kg2 Nxe1+ 23. Rxe1 gxh3+ 24. Kxh3 O-O-O 25. Kg2 h4 26. f4 hxg3 27. hxg3 Rdg8 28. Re2 Ne7 29.
Kf3 Nf5 30. Bf2 Rh3 31. Kg2 Rhxg3+ 32. Bxg3 Rxg3+ 33. Kf2 Bxf4 34. Re1 Rh3 35. Rg1 Rh2+ 36. Kf3 Rxc2 37. Kxf4 Nxd4 38. Rg7 Ne2+ 39. Ke5 Nxc3 40. Kd6 Ne4+ 0-1

[Event "Late-Titled-Tuesday-Blitz-April-16-2024"]
[Site "Chess.com"]
[Date "2024.04.16"]
[Round "8"]
[White "balachess2006"]
[Black "platy3"]
[Result "1/2-1/2"]
[WhiteElo "2689"]
[BlackElo "2873"]
[TimeControl "180+1"]
[EndTime "15:24:19 PDT"]
[Termination "Game drawn by repetition"]

1. c4 c5 2. Nf3 Nc6 3. e3 Nf6 4. Nc3 d5 5. cxd5 Nxd5 6. Bb5 g6 7. Bxc6+ bxc6 8. Qa4 Qd6 9. Ne4 Qc7 10. Nxc5 Bg7 11.
d4 O-O 12. O-O Bg4 13. Ne5 Bxe5 14. dxe5 Be2 15. Re1 Bb5 16. Qh4 Qa5 17. f3 Rad8 18. Nb3 Qb6 19. Bd2 Qb8 20. e4 Nb6 21. Bc3 Na4 22.
Qxe7 Rfe8 23. Qf6 Nxc3 24. bxc3 Qxe5 25. Qxe5 Rxe5 26. Rad1 Rde8 27. Kf2 f5 28. exf5 Re2+ 29. Rxe2 Rxe2+ 30. Kg3 gxf5 31. Rd8+ Kf7 32. Rd7+ Kg6 33. Rxa7 f4+ 34. Kxf4 Rxg2 35. a4 Bc4 36. Nd4 Bd5 37. h4 Rh2 38. Kg3 Rd2 39. Ra6 Rd3 40.
Kf4 Rxc3 41. Ke5 Kh5 42. f4 Kxh4 43. f5 Kg5 44. Ne6+ Kg4 45. Nd4 Kg5 46. Ra7 Re3+ 47. Kd6 Rd3 48. Ke5 Re3+ 49. Kd6 Rd3 50. Ke5 Re3+ 1/2-1/2

[Event "Late-Titled-Tuesday-Blitz-April-16-2024"]
[Site "Chess.com"]
[Date "2024.04.16"]
[Round "8"]
[White "ACollins05"]
[Black "manitodeplomo"]
[Result "0-1"]
[WhiteElo "2517"]
[BlackElo "2643"]
[TimeControl "180+1"]
[EndTime "15:24:20 PDT"]
[Termination "manitodeplomo won by checkmate"]

1. Nf3 g6 2. d4 Bg7 3. b3 c5 4. Bb2 cxd4 5. Bxd4 Nf6 6. c4 O-O 7. e3 Nc6 8. Bb2 d5 9. Nc3 Qa5 10. Nd2 Rd8 11. Qc1 d4 12. exd4 Nxd4 13. Bd3 Bf5 14. Bxf5 Qxf5 15. O-O Rd7 16. Rd1 Rad8 17. Nf1 Ng4 18.
Rd2 Bh6 19. Qb1 Bxd2 20. Qxf5 Nxf5 21. Nd5 Bg5 22. h3 Nf6 23. Nc3 Bh6 24. g4 Nd4 25.
Ng3 Bf4 26. Nf1 Be5 27. Ne3 Ne2+ 28. Nxe2 Bxb2 29. Rb1 Be5 30. f4 Bd6 31. b4 a5 32.
c5 Bc7 33. a3 axb4 34. axb4 Rd2 35. Kf1 R8d3 36. Nc4 Rc2 37. Ne5 Bxe5 38. fxe5 Nd5 39.
Ra1 Rf3+ 40. Ke1 Re3 41. Ra8+ Kg7 42. Kd1 Rexe2 43. h4 Ne3# 0-1

[Event "Late-Titled-Tuesday-Blitz-April-16-2024"]
[Site "Chess.com"]
[Date "2024.04.16"]
[Round "8"]
[White "Eloist"]
[Black "GAO"]
[Result "0-1"]
[WhiteElo "2447"]
[BlackElo "2311"]
[TimeControl "180+1"]
[EndTime "15:24:21 PDT"]
[Termination "GAO won on time"]

1. e4 c5 2. Nf3 d6 3. Bb5+ Nd7 4.
O-O Nf6 5. Re1 a6 6. Bf1 Ne5 7.
Nxe5 dxe5 8. d3 Bg4 9. Be2 Bxe2 10. Qxe2 e6 11. Nd2 Be7 12. Nc4 Nd7 13. a4 b5 14.
axb5 axb5 15. Rxa8 Qxa8 16. Na3 Qc6 17. c4 b4 18. Nb5 O-O 19. Qg4 Rb8 20. Bh6 Bf8 21. Re3 f5 22. Qg5 f4 23. Rh3 Rxb5 24. cxb5 Qxb5 25.
Rh4 Qxd3 26. h3 Qxe4 27. Rg4 Nf6 28. Bxg7 Qe1+ 29. Kh2 Nxg4+ 30. Qxg4 Bxg7 31. Qxe6+ Kf8 32. Qd6+ Kf7 33. Qd7+ Kg6 34. Qg4+ Kf6 35. Qh4+ Kf7 36. Qh5+ Ke7 37. Qh4+ Bf6 38. Qxh7+ Kd6 39. Qg6 Ke7 40. Qh7+ Kd6 41. Qg6 Ke6 42. Qe8+ Be7 43. Qg8+ Kd6 44.
Qg6+ Kc7 45. Qf7 Kd6 46. Qg6+ Kd7 47. Qf5+ Kd8 0-1

[Event "Late-Titled-Tuesday-Blitz-April-16-2024"]
[Site "Chess.com"]
[Date "2024.04.16"]
[Round "8"]
[White "Hikaru"]
[Black "LyonBeast"]
[Result "1-0"]
[WhiteElo "3290"]
[BlackElo "3139"]
[TimeControl "180+1"]
[EndTime "15:24:22 PDT"]
[Termination "Hikaru won by resignation"]

1. d4 Nf6 2. Bg5 d5 3. e3 c5 4.
Bxf6 exf6 5. Nc3 Be6 6. dxc5 Bxc5 7. Nge2 Nc6 8. Qd2 O-O 9. a3 Qa5 10. Rb1 Rac8 11. b4 Nxb4 12. axb4 Bxb4 13. Rxb4 Qxb4 14. Nd1 Qc5 15. Nd4 a5 16. Bd3 a4 17. c3 a3 18. Bb1 b5 19. Ba2 b4 20. cxb4 Qc1 21. b5 Rc5 22. Qb4 Rb8 23. Nb3 Rc4 24. Qd6 Qc2 25. Qxb8+ Rc8 26. Qa7 Qxa2 27. Nd4 Bg4 28. O-O Bxd1 29. Rxd1 Qd2 30. Rf1 a2 31. b6 h5 32. b7 Rc1 33. b8=Q+ Kh7 34. Qb5 1-0